 Dungeon Crawl Stone Soup version 0.29-a0-553-g81b289dbe5 (webtiles) character file.

Game seed: 6650705173939754617

2 Nietzsche the Grave Robber (level 1, 0/14 HPs)
             Began as a Meteoran Necromancer on June 7, 2022.
             Slain by a ball python (1 damage)
             ... on level 1 of the Dungeon.
             The game lasted 00:01:09 (54 turns).

Nietzsche the Grave Robber (Meteoran Necromancer)     Turns: 54, Time: 00:01:11

Health: 0/14       AC:  2    Str:  9    XL:     1   Next: 42%
Magic:  0/5        EV: 12    Int: 16    God:
Gold:   8          SH:  0    Dex: 14    Spells: 4/5 levels left

rFire   . . .      SeeInvis .   (no weapon)
rCold   . . .      Faith    .   (no shield)
rNeg    . . .      Spirit   .   a - +0 robe
rPois   .          Reflect  .   (no helmet)
rElec   .          Harm     .   (no cloak)
rCorr   .          Rampage  .   (no gloves)
Will    .....                   (no boots)
Stlth   +.........              (no amulet)
HPRegen 0.04/turn               (no ring)
MPRegen 0.09/turn               (no ring)

@: glowing
A: sense surroundings 1, otherworldly, glowing, explore regen
a: no special abilities


You were on level 1 of the Dungeon.
You visited 1 branch of the dungeon, and saw 1 of its levels.

You collected 8 gold pieces.

Inventory:

Armour
 a - a +0 robe (worn)
Scrolls
 c - a scroll of fog {unknown}
Potions
 b - a potion of magic


   Skills:
 + Level 2.6 Dodging
 + Level 1.4 Stealth
 + Level 2.7 Spellcasting
 + Level 4.3 Necromancy


You had 4 spell levels left.
You knew the following spells:

 Your Spells              Type           Power      Damage    Failure   Level
a - Necrotize             Necr           64%        1d7       3%          1

Your spell library contained the following spells:

 Spells                   Type           Power      Damage    Failure   Level
 Vampiric Draining        Necr           16%        2d7       10%         3
 Animate Dead             Necr           16%        N/A       32%         4
 Agony                    Necr           16%        N/A       65%         5


Dungeon Overview and Level Annotations

Branches:
Dungeon (1/15)

Altars:

Annotations:
D:1 1 runed translucent door


Innate Abilities, Weirdness & Mutations

You passively map a small area around you.
You are easily found by Zot.
You glow in the dark.
You regain HP and MP as you explore.


Message History

The frilled lizard writhes in agony.
You kill the frilled lizard!
The dead are walking!
You swap places.
The ball python attacks as you move away!
The ball python barely misses you. x2
The ball python barely misses your frilled lizard skeleton.
The ball python closely misses your frilled lizard skeleton.
The ball python barely misses your frilled lizard skeleton.
The ball python closely misses your frilled lizard skeleton.
The ball python bites your frilled lizard skeleton.
The ball python grabs your frilled lizard skeleton.
The ball python constricts your frilled lizard skeleton.
Your frilled lizard skeleton closely misses the ball python.
The ball python bites your frilled lizard skeleton.
Your frilled lizard skeleton is destroyed!
Casting: Necrotize (safe; 3% risk of failure)
Confirm with . or Enter, or press ? or * to list all spells.
Aiming: Necrotize (safe; 3% risk of failure)
Press: ? - help, Shift-Dir - straight line, f - ball python
Aim: a ball python (chance to affect: 86%)
The ball python writhes in agony.
You kill the ball python!
The dead are slithering!
The ball python bites you.
* * * LOW HITPOINT WARNING * * *
The ball python barely misses you. The goblin attacks as you move away!
The goblin completely misses you. The ball python misses you.
The ball python closely misses you.
Casting: Necrotize (safe; 3% risk of failure)
Confirm with . or Enter, or press ? or * to list all spells.
You don't know that spell.
Casting: Necrotize (safe; 3% risk of failure)
Confirm with . or Enter, or press ? or * to list all spells.
Aiming: Necrotize (safe; 3% risk of failure)
Press: ? - help, Shift-Dir - straight line, f - goblin
Aim: a goblin, wielding a +0 dagger (chance to affect: 86%)
The goblin writhes in agony.
You kill the goblin!
The dead are walking!
The ball python bites you.
You die...

####* #...## #....###
* #####..#...#
.........#.# , ,
,.......#...# .......
.........#@++.....>..
.......#ZS)##........
, ,
.........#.##........
.......#...##........
*
.........#.##........
.......#.............,
*
..###....#...........
. ##.#...........(. ,
*###...####.######.


You could see a ball python (ally target) and a friendly ball python skeleton.

Vanquished Creatures
  A goblin (D:1)
  A ball python (D:1)
  A frilled lizard (D:1)
  A rat (D:1)
4 creatures vanquished.

Notes
Turn   | Place    | Note
-------+----------+-------------------------------------------
     0 | D:1      | Nietzsche the Meteoran Necromancer began the quest for the
                  | Orb.
     0 | D:1      | Reached XP level 1. HP: 14/14 MP: 5/5
     3 | D:1      | Found a runed translucent door.
    54 | D:1      | Slain by a ball python

Illustrated notes

Levels and vault maps discovered:
D:1:      dpeg_arrival_caged_fury, layout_basic,
          chequers_ecumenical_altar_island, minmay_misc_feat_pillars,
          minmay_surrounded

Action                   || total
-------------------------++-------
Melee: Unarmed           ||    13
 Cast: Necrotize         ||     6
Armor: Robe              ||     1
Dodge: Dodged            ||    11

Table legend: (Time is in decaauts)
 A = Elapsed time spent in this place.
 B = Non-inter-level travel time spent in this place.
 C = Inter-level travel time spent in this place.
 D = Time resting spent in this place.
 E = Time spent auto-exploring this place.
 F = Levels seen in this place.
 G = Mean time per level.
                   A        B        C        D        E       F      G
               +--------+--------+--------+--------+--------+-----+--------+
         Total |     54 |     54 |      0 |      0 |     21 |   1 |   54.0 |
       Dungeon |     54 |     54 |      0 |      0 |     21 |   1 |   54.0 |
               +--------+--------+--------+--------+--------+-----+--------+

Top non-repeatable levels by time:
     D:1: 54 daAuts
